 Dungeon Crawl Stone Soup version 0.24-a0-525-g9231cdcba1 (webtiles) character file.

Game seed: 17777206393174934144

25440 BinkBink the Basher (level 12, -6/112 HPs)
             Began as a Deep Dwarf Berserker on Aug 2, 2019.
             Was a Priest of Trog.
             Killed from afar by a wizard (63 damage)
             ... with a crystal spear
             ... on level 14 of the Dungeon.
             The game lasted 00:29:18 (9509 turns).

BinkBink the Basher (Deep Dwarf Berserker)          Turns: 9509, Time: 00:29:19

Health: -6/112     AC: 13    Str: 26    XL:     12   Next: 89%
Magic:  7/11       EV:  9    Int:  8    God:    Trog [***...]
Gold:   565        SH: 14    Dex: 12    Spells: 11/11 levels left

rFire    . . .     SeeInvis .   o - +0 morningstar (venom)
rCold    . . .     Gourm    .   C - +2 shield
rNeg     . . .     Faith    .   N - +0 plate armour
rPois    .         Spirit   .   q - +0 helmet
rElec    .         Reflect  .   (no cloak)
rCorr    .         Harm     .   l - +0 pair of gloves
MR       +++..                  (no boots)
Stlth    ..........             (no amulet)
HPRegen  1.00/turn              u - ring of attention (curse)
MPRegen  0.12/turn              (no ring)

@: corroded, non-regenerating
A: damage resistance, heal wounds, sense surroundings 2, no regeneration
a: Heal Wounds, Berserk, Trog's Hand, Renounce Religion


You were on level 14 of the Dungeon.
You worshipped Trog.
Trog was most pleased with you.
You were not hungry.

You visited 1 branch of the dungeon, and saw 13 of its levels.
You also visited: Ossuary.

You collected 565 gold pieces.

Inventory:

Hand Weapons
 o - a +0 morningstar of venom (weapon)
Armour
 l - a +0 pair of gloves (worn)
 q - a +0 helmet (worn)
 C - a +2 shield (worn)
 N - a +0 plate armour (worn)
Jewellery
 d - a cursed ring of teleportation {unknown}
 u - a cursed ring of attention (left hand)
 v - an uncursed ring of ice {unknown}
 H - an uncursed ring of protection from magic {unknown}
 M - an uncursed amulet of magic regeneration {unknown}
Wands
 n - a wand of digging (8)
 r - a wand of random effects (47)
 D - a wand of clouds (3)
 I - a wand of paralysis (6)
 J - a wand of polymorph (7)
 K - a wand of iceblast (2)
Scrolls
 e - 2 scrolls of magic mapping
 g - 16 scrolls of remove curse
 h - 5 scrolls of teleportation
 j - 5 scrolls of amnesia
 m - 4 scrolls of fear
 p - 3 scrolls of identify
 s - 2 scrolls of fog
 x - 2 scrolls of enchant armour
 y - 2 scrolls of blinking
 B - a scroll of random uselessness
 F - a scroll of noise {unknown}
Potions
 a - 3 potions of cancellation {unknown}
 b - 4 potions of berserk rage {unknown}
 f - 7 potions of curing
 i - 8 potions of heal wounds
 k - 3 potions of agility {unknown}
 t - a potion of degeneration {unknown}
 w - 3 potions of haste {unknown}
 z - 2 potions of magic {unknown}
 A - a potion of mutation {unknown}
 E - 3 potions of brilliance {unknown}
 G - 2 potions of lignification {unknown}
 L - a potion of ambrosia {unknown}
 O - a potion of flight {unknown}
Comestibles
 c - 23 rations


   Skills:
 + Level 8.5 Fighting
 + Level 14.4 Maces & Flails
 + Level 10.3 Armour
 + Level 5.3 Dodging
 + Level 2.2 Stealth
 + Level 10.2 Shields


You had 11 spell levels left.
You didn't know any spells.
Your spell library contained the following spells:

 Spells                   Type           Power        Failure   Level  Hunger
 Confusing Touch          Hex            #.....       100%        1    ##.....
 Confuse                  Hex            #.......     100%        3    ####...
 Gell's Gravitas          Tloc           #.........   100%        3    ####...
 Petrify                  Tmut/Erth      #.......     100%        4    #####..
 Metabolic Englaciation   Hex/Ice        #.........   100%        5    ######.
 Yara's Violent Unravell  Hex/Tmut       #.........   100%        5    ######.


Dungeon Overview and Level Annotations

Branches:
Dungeon (14/15)            Temple (0/1) D:5            Lair (0/6) D:10
    Orc: D:9-12      Vaults: D:13-14

Altars:
Dithmenos
Elyvilon
Fedhas
Kikubaaqudgha
Makhleb
Nemelex Xobeh
Qazlal
Vehumet
The Shining One

Annotations:
D:8 2 runed translucent doors, Gynju's ghost, novice FoFi
D:9 3 runed translucent doors, demivan's ghost, novice TrBe


Innate Abilities, Weirdness & Mutations

You are resistant to damage.
You can heal yourself by infusing magical energy.
You passively map the area around you.
You do not regenerate.


Message History

The wizard misses you.
You barely miss the wizard. The wizard hits you but does no damage.
You closely miss the wizard. You block the wizard's attack.
You closely miss the wizard. The wizard barely misses you.
You hit the wizard.
The wizard is poisoned.
The wizard is lightly wounded.
The wizard hits you but does no damage.
You sock the wizard!
The wizard looks as sick as possible!
The wizard is moderately wounded.
The eye of draining gazes at you.
You feel your power leaking away.
You hit the wizard but do no damage.
The wizard looks as sick as possible!
The wizard is moderately wounded.
The wizard hits you but does no damage.
You hit the wizard.
The wizard looks as sick as possible!
The wizard is moderately wounded.
The wizard gestures at you while chanting.
The crystal spear hits you!!!
Ouch! That really hurt!
You die...

..# ##(####((......
*#.###...##....(####
* ###.##.....##....#
# *,
#>.........##....# #
###.#.##.....###.###
# *,#.......#...##
#.# #
#.#.#.#.#.##### #+#*
# #.......#.# #
###....†@.# *,, *
**# ###.##p## , #.
.G.* , **,*
#......,, ,* , ,
#.#...## #....## ,*
* # #.## , , #. *, ,
*, * * ,


You could see a wizard and an eye of draining.

Vanquished Creatures
  Jorgrun (D:13)
  A hydra (D:13)
  A catoblepas (D:13)
  Erica (D:8)
  4 tengu warriors (D:14)
  Pikel (D:4)
  A wolf spider zombie (D:13)
  A deep elf mage (D:14)
  A manticore (D:13)
  An ugly thing (D:13)
  4 cyclopes
  Maurice (D:9)
  Psyche (D:8)
  The ghost of korppi the Geomancer, a novice DrEE of Vehumet (D:6)
  A kobold demonologist (D:14)
  A redback zombie (D:14)
  An efreet (D:14)
  A queen bee (D:10)
  3 trolls
  3 hippogriffs
  2 wyverns
  A spriggan (D:7)
  12 yaks
  A shadow (D:13)
  A hog (shapeshifter) (D:11)
  4 vampire mosquitoes
  3 wargs (D:10)
  An acid dragon (D:14)
  A water moccasin (D:14)
  6 orc warriors
  3 sky beasts
  A slave (D:4)
  4 ice beasts
  An eye of draining (D:10)
  5 ogres
  3 phantoms
  A boggart (D:14)
  3 centaurs
  2 big kobolds
  A crocodile (D:14)
  Blork the orc (D:4)
  9 bullfrogs
  A water moccasin zombie (D:8)
  A hornet simulacrum (D:14)
  7 scorpions
  30 killer bees
  12 wights
  11 crimson imps
  2 bullfrog zombies
  4 centaur zombies
  11 orc priests
  2 bullfrog skeletons
  2 hounds
  6 jellies
  4 centaur skeletons
  A gnoll shaman (D:7)
  19 orc wizards
  13 mummies (Ossuary)
  Terence (D:2)
  4 iguanas
  10 worker ants
  2 killer bee zombies
  A centaur simulacrum (D:6)
  4 hound zombies (Ossuary)
  2 howler monkey zombies (D:7)
  3 worker ant zombies
  8 gnolls
  15 adders
  A shadow imp (D:7)
  2 white imps (D:6)
  3 adder zombies (Ossuary)
  3 adder skeletons
  2 worms
  A dart slug (D:2)
  9 leopard geckos
  37 orcs
  9 bats
  4 giant cockroaches
  8 goblins
  7 hobgoblins
  21 jackals
  5 quokkas
  A ball python (D:3)
  3 frilled lizards
  A jackal zombie (Ossuary)
  14 kobolds
  A leopard gecko skeleton (D:5)
  A leopard gecko zombie (Ossuary)
  3 quokka zombies
  9 rats
  4 withered plants (Ossuary)
421 creatures vanquished.

Vanquished Creatures (collateral kills)
  A wight (D:13)
  An orc (D:13)
2 creatures vanquished.

Vanquished Creatures (others)
  2 withered plants (Ossuary)
2 creatures vanquished.

Grand Total: 425 creatures vanquished

Notes
Turn   | Place    | Note
-------+----------+-------------------------------------------
     0 | D:1      | BinkBink the Deep Dwarf Berserker began the quest for the
                  | Orb.
     0 | D:1      | Reached XP level 1. HP: 20/20 MP: 1/1
    58 | D:1      | Reached XP level 2. HP: 14/27 MP: 2/2
   372 | D:1      | Reached XP level 3. HP: 29/34 MP: 3/3
   689 | D:2      | Reached ** piety under Trog
   843 | D:2      | Found a radiant altar of Vehumet.
   843 | D:2      | Found a white marble altar of Elyvilon.
   843 | D:2      | Found a stormy altar of Qazlal.
   872 | D:2      | Reached XP level 4. HP: 33/42 MP: 4/4
   883 | D:2      | Noticed Terence
   898 | D:2      | Killed Terence
  1210 | D:3      | Reached skill level 4 in Maces & Flails
  1315 | D:3      | Reached XP level 5. HP: 32/49 MP: 5/5
  1325 | D:3      | Found an ancient bone altar of Kikubaaqudgha.
  1326 | D:3      | Found a glowing golden altar of the Shining One.
  1341 | D:3      | Found a burning altar of Makhleb.
  1939 | D:4      | Reached *** piety under Trog
  2049 | D:4      | Noticed Blork the orc
  2062 | D:4      | Killed Blork the orc
  2062 | D:4      | Reached skill level 5 in Maces & Flails
  2062 | D:4      | Reached XP level 6. HP: 39/57 MP: 6/6
  2277 | D:4      | Noticed a slave
  2280 | D:4      | Noticed Pikel
  2280 | D:4      | Noticed a slave
  2283 | D:4      | Noticed a slave
  2284 | D:4      | Killed a slave
  2285 | D:4      | Noticed a slave
  2301 | D:4      | Killed Pikel
  2301 | D:4      | Reached skill level 6 in Maces & Flails
  2301 | D:4      | Reached XP level 7. HP: 54/66 MP: 7/7
  2403 | D:5      | Entered Level 5 of the Dungeon
  2526 | D:5      | Reached skill level 7 in Maces & Flails
  2562 | D:5      | Reached XP level 8. HP: 53/73 MP: 8/8
  2630 | D:5      | Found a staircase to the Ecumenical Temple.
  2635 | D:5      | Reached skill level 5 in Armour
  3240 | D:6      | Reached skill level 5 in Fighting
  3240 | D:6      | Reached skill level 8 in Maces & Flails
  3352 | D:6      | Noticed korppi's ghost (novice DrEE)
  3435 | D:6      | Reached skill level 9 in Maces & Flails
  3575 | D:6      | Reached skill level 1 in Shields
  3575 | D:6      | Gained mutation: You passively map the area around you.
                  | [Deep Dwarf growth]
  3575 | D:6      | Reached XP level 9. HP: 41/81 MP: 9/9
  3686 | D:6      | Found a runed translucent gate.
  3686 | D:6      | Found a runed translucent gate.
  3686 | D:6      | Found a runed translucent gate.
  3868 | D:6      | Reached skill level 10 in Maces & Flails
  3875 | D:6      | Killed korppi's ghost
  4103 | D:7      | Reached XP level 10. HP: 82/91 MP: 10/10
  4144 | D:7      | Found a sand-covered staircase.
  4201 | Ossuary  | Entered an ossuary
  4346 | Ossuary  | Reached **** piety under Trog
  4790 | D:8      | Found a sparkling altar of Nemelex Xobeh.
  4889 | D:8      | Found a large runed translucent door.
  4889 | D:8      | Found a large runed translucent door.
  4893 | D:8      | Noticed Gynju's ghost (novice FoFi)
  4927 | D:8      | Reached skill level 11 in Maces & Flails
  4980 | D:8      | Found a blossoming altar of Fedhas.
  5084 | D:8      | Found a shadowy altar of Dithmenos.
  5150 | D:8      | Noticed Psyche
  5179 | D:8      | Killed Psyche
  5179 | D:8      | Reached skill level 5 in Shields
  5317 | D:8      | Noticed Erica
  5329 | D:8      | Killed Erica
  5631 | D:9      | Reached skill level 5 in Dodging
  5976 | D:9      | Found a runed translucent gate.
  5976 | D:9      | Found a runed translucent gate.
  5977 | D:9      | Found a runed translucent gate.
  5981 | D:9      | Noticed demivan's ghost (novice TrBe)
  6210 | D:9      | Noticed Maurice
  6227 | D:9      | Killed Maurice
  6515 | D:10     | Entered Level 10 of the Dungeon
  6608 | D:10     | Reached XP level 11. HP: 88/100 MP: 11/11
  6814 | D:10     | Reached skill level 12 in Maces & Flails
  6957 | D:10     | Found a staircase to the Lair.
  7763 | D:11     | You fall into a shaft and drop 2 floors!
  7808 | D:13     | Noticed a catoblepas
  7841 | D:13     | Killed a catoblepas
  7892 | D:13     | Reached skill level 1 in Stealth
  7999 | D:13     | Reached skill level 13 in Maces & Flails
  8113 | D:13     | Noticed Jorgrun
  8200 | D:13     | Killed Jorgrun
  8200 | D:13     | Reached XP level 12. HP: 50/110 MP: 11/11
  8876 | D:14     | Noticed an eight-headed hydra
  8903 | D:13     | Killed an eight-headed hydra
  9075 | D:14     | Noticed a tengu warrior
  9098 | D:14     | Killed a tengu warrior
  9126 | D:14     | Noticed a tengu warrior
  9169 | D:14     | Killed a tengu warrior
  9169 | D:14     | Reached skill level 14 in Maces & Flails
  9169 | D:14     | Reached skill level 10 in Armour
  9316 | D:14     | Noticed a tengu warrior
  9316 | D:14     | Noticed a tengu warrior
  9331 | D:14     | Killed a tengu warrior
  9331 | D:14     | Reached skill level 10 in Shields
  9343 | D:14     | Killed a tengu warrior
  9509 | D:14     | Killed from afar by a wizard

Levels and vault maps discovered:
D:1:      roderic_chinese_lattice_arrival, layout_rooms
D:2:      layout_basic, chequers_temple_overflow_statue_of_worship,
          kennysheep_generic_room_3, uniq_terence
D:3:      layout_rooms, old_standard_altar, gammafunk_temple_overflow_pools,
          serial_rivers, chequers_serial_rivers_small_b,
          chequers_serial_rivers_micro_a, chequers_serial_rivers_room_a,
          chequers_serial_rivers_micro_e, chequers_garden
D:4:      layout_loops_ring, uniq_pikel, uniq_blork_the_orc
D:5:      layout_cave_pods, minmay_temple_entry_statues_fountains, first_ration
D:6:      layout_cave_pools, gammafunk_ghost_icy, eino_curves_03,
          kennysheep_generic_room_7
D:7:      layout_rooms, lightli_ossuary_entry_decrepit_ruins, the_bakery
D:8:      layout_rooms, nicolae_overflow_hidden_temple,
          ebering_ghost_disaster_area, basic_altar,
          nicolae_dithmenos_through_a_glass_darkly, uniq_erica, uniq_psyche
D:9:      layout_loops_corners, gammafunk_ghost_necromancy,
          kennysheep_generic_room_14, uniq_maurice
D:10:     layout_roguey [special_room_bee], erik_lair_orcish_takeover
D:11:     layout_long_grid
D:13:     layout_basic, uniq_jorgrun
D:14:     cheibrodos_fzero, layout_loops_corners, david_vaults_5,
          kennysheep_crisscross, minmay_hedge_maze

Skill      XL: |  1  2  3  4  5  6  7  8  9 10 11 12 |
---------------+-------------------------------------+-----
Fighting       | 3 4 5 6 7 8 |  8.5
Dodging        | 3 4 5 |  5.3
Armour         | 3 4 6 7 8 9 10 | 10.3
Maces & Flails | 4 5 6 7 9 10 11 13 14 | 14.4
Shields        | 1 3 6 8 10 | 10.2
Stealth        | 1 2 |  2.2

Action                   |  1- 3 |  4- 6 |  7- 9 | 10-12 || total
-------------------------+-------+-------+-------+-------++-------
Melee: Mace              |   184 |    14 |       |       ||   198
       Morningstar       |       |   154 |   309 |  1243 ||  1706
Invok: Berserk           |     1 |     1 |       |       ||     2
       Trog's Hand       |     1 |     8 |    13 |    38 ||    60
       Brothers in Arms  |       |       |       |     1 ||     1
 Abil: Heal Wounds       |     1 |     2 |     3 |    23 ||    29
  Use: Scroll            |       |       |       |    10 ||    10
       Potion            |       |       |       |     1 ||     1
 Stab: Petrified         |       |       |       |     1 ||     1
  Eat: Chunk             |     1 |     9 |     5 |    15 ||    30
       Ration            |       |       |     2 |     6 ||     8
Armor: Animal skin       |     9 |       |       |       ||     9
       Ring mail         |    63 |     2 |       |       ||    65
       Chain mail        |       |    91 |   158 |   175 ||   424
       Plate armour      |       |       |       |   341 ||   341
Dodge: Dodged            |   193 |    94 |   127 |   331 ||   745
Block: Shield            |       |       |    98 |   767 ||   865

Table legend:
 A = Non-vault XP
 B = Vault XP
 C = Vault XP percentage of total XP
 D = Non-vault monster count
 E = Vault monster count
 F = Vault count percentage of total count
                 A         B        C        D         E       F
            +---------+---------+-------+---------+---------+-------
      Total |   22446 |   13897 |  38.2 |     323 |      95 |  22.7
            +---------+---------+-------+---------+---------+-------
        D:1 |      48 |       0 |   0.0 |      28 |       0 |   0.0
        D:2 |      70 |      39 |  35.8 |      23 |       2 |   8.0
        D:3 |      74 |       0 |   0.0 |      27 |       0 |   0.0
        D:4 |     158 |     728 |  82.2 |      10 |       2 |  16.7
        D:5 |     729 |       0 |   0.0 |      29 |       0 |   0.0
        D:6 |    2126 |     851 |  28.6 |      28 |       8 |  22.2
        D:7 |     693 |     220 |  24.1 |      18 |       1 |   5.3
        D:8 |    1755 |    1328 |  43.1 |      40 |       2 |   4.8
        D:9 |    1065 |     433 |  28.9 |      22 |       1 |   4.3
       D:10 |    1263 |    2478 |  66.2 |      21 |      34 |  61.8
       D:11 |     809 |       0 |   0.0 |      14 |       0 |   0.0
       D:13 |    9102 |    2431 |  21.1 |      45 |       1 |   2.2
       D:14 |    4554 |    4836 |  51.5 |      18 |      15 |  45.5
    Ossuary |       0 |     553 | 100.0 |       0 |      29 | 100.0
            +---------+---------+-------+---------+---------+-------
